 Dungeon Crawl Stone Soup version 0.18-a0-1560-ge216ca8 (webtiles) character file.

67 angel3174 the Skirmisher (level 4, -6/37 HPs)
             Began as a Demonspawn Abyssal Knight on Mar 12, 2016.
             Was a Follower of Lugonu.
             Killed from afar by Natasha (7 damage)
             ... with a magic dart
             ... on level 3 of the Dungeon.
             The game lasted 00:17:02 (1818 turns).

angel3174 the Skirmisher (DsAK)                     Turns: 1818, Time: 00:17:02

Health: -6/37      AC:  3    Str: 18    XL:     4   Next: 0%
Magic:  5/5        EV:  6    Int: 16    God:    Lugonu [*.....]
Gold:   61         SH: 11    Dex: 10    Spells: 0 memorised, 3 levels left

rFire  . . .     SeeInvis .     a - +1 falchion
rCold  . . .     Gourm    .     b - +0 leather armour
rNeg   + . .     Faith    .     e - +0 large shield
rPois  .         Spirit   .     (no helmet)
rElec  +         Dismiss  .     (no cloak)
rCorr  .         Reflect  .     (no gloves)
SustAt .         Harm     .     (no boots)
MR     .....                    (no amulet)
Stlth  +.........               (no ring)
                                o - ring of positive energy

@: mighty, flying, not resistant to hostile enchantments, very unstealthy
A: clever 1, clumsy 1, powered by pain 2, electricity resistance
a: Depart the Abyss, Renounce Religion


You were on level 3 of the Dungeon.
You worshipped Lugonu.
Lugonu was aware of your devotion.
You were not hungry.

You visited 1 branch of the dungeon, and saw 4 of its levels.
You visited the Abyss 1 time.

You collected 61 gold pieces.

Inventory:

Hand Weapons
 a - a +1 falchion (weapon)
 p - a +0 hunting sling
 t - a +0 whip
 v - a +0 falchion
Missiles
 h - 22 stones (quivered)
 l - 19 silver bolts
 q - 29 bolts
Armour
 b - a +0 leather armour (worn)
 e - a +0 large shield (worn)
Jewellery
 g - an uncursed ring of fire
 o - a ring of positive energy (left hand)
Scrolls
 d - 2 scrolls of identify
 f - a scroll of remove curse
 i - a scroll of enchant armour
 s - a scroll of random uselessness {unknown}
 x - a scroll of enchant weapon {unknown}
Potions
 c - a potion of degeneration {unknown}
 r - a potion of flight
 w - a potion of cure mutation
Comestibles
 k - 4 fruits
 m - a meat ration


   Skills:
 + Level 3.8 Fighting
 + Level 2.1 Long Blades
 + Level 2.0 Armour
 + Level 1.6 Dodging
 + Level 0.8 Shields
 + Level 2.6 Invocations


You had 3 spell levels left.
You didn't know any spells.

Dungeon Overview and Level Annotations

Branches:
Dungeon (4/15)
 Temple: D:4-7

Altars:
Vehumet

Annotations:
D:3 Natasha


Innate Abilities, Weirdness & Mutations

You sometimes gain power by taking damage.
Your mind is acute. (Int +2)
You are clumsy. (Dex -2)
You are resistant to electric shocks.


Message History

It was a potion of flight.
You feel very buoyant.
You fly up into the air.
Natasha mumbles some strange words.
It was a potion of cure mutation.
It has a very clean taste.
Natasha barely misses you.
The crimson imp blinks!
You aren't in the Abyss!
You aren't in the Abyss!
You aren't in the Abyss!
You aren't in the Abyss!
It was a potion of mutation.
You feel extremely strange.
You feel clumsy.
You feel insulated. Natasha claws you.
* * * LOW HITPOINT WARNING * * *
It was a potion of beneficial mutation.
You feel clever.
You feel fantastic! Natasha casts a spell at you. The magic dart hits you!
You die...

####### #.....# #.....#
#.....#################
......'.........@h5...#
......###############.#
......# ############.#
......# .....5.h.w...#
....### ...5...5######
##### ......... .
.........# ...
.........# .....
.........#


You could see Natasha and a crimson imp.

Vanquished Creatures
  3 adders
  An ooze (D:1)
  A worm (D:3)
  2 dart slugs
  2 giant geckos (D:1)
  4 goblins
  2 hobgoblins (D:1)
  A quokka (D:2)
  5 bats
  A giant newt (D:1)
  4 kobolds
  6 rats
32 creatures vanquished.

Vanquished Creatures (others)
  A bat (D:2)
1 creature vanquished.

Grand Total: 33 creatures vanquished

Notes
Turn   | Place    | Note
--------------------------------------------------------------
     0 | Abyss:1  | angel3174 the Demonspawn Abyssal Knight began the quest for the Orb.
     0 | Abyss:1  | Reached XP level 1. HP: 18/18 MP: 2/2
     8 | Abyss:1  | Found a corrupted altar of Lugonu.
    81 | Abyss:2  | Noticed a starcursed mass
    87 | D:1      | Escaped the Abyss
   262 | D:1      | Reached skill level 1 in Dodging
   358 | D:1      | Gained mutation: You sometimes gain a little power by taking damage. [demonic ancestry]
   358 | D:1      | Reached XP level 2. HP: 14/24 MP: 3/3
   459 | D:1      | Reached * piety under Lugonu
   585 | D:1      | Gained mutation: You sometimes gain power by taking damage. [demonic ancestry]
   585 | D:1      | Reached XP level 3. HP: 24/30 MP: 4/4
  1018 | D:2      | Found a radiant altar of Vehumet.
  1547 | D:3      | Noticed Natasha
  1809 | D:3      | Reached XP level 4. HP: 13/37 MP: 5/5
  1810 | D:3      | HP: 1/37 [Natasha (8)]
  1817 | D:3      | Gained mutation: You are clumsy. (Dex -2) [potion of mutation]
  1817 | D:3      | Gained mutation: You are resistant to electric shocks. [potion of mutation]
  1817 | D:3      | HP: 1/37 [Natasha (1)]
  1818 | D:3      | Gained mutation: Your mind is acute. (Int +2) [potion of beneficial mutation]
  1818 | D:3      | Killed from afar by Natasha

Vault maps used:
D:1:      minmay_arrival_cross
D:2:      lemuel_coloured_pillars_altar, lemuel_old_faithful
D:3:      old_standard_altar, minmay_misc_feat_plants, uniq_natasha
D:4:      minmay_opposing_rooms, nicolae_overflow_hidden_temple, serial_shops,
          shop_statue, uniq_pikel
Abyss:1:  evilmike_abyss_exit_chaos

Skill      XL: |  1  2  3 |
---------------+----------+-----
Dodging        | 1 |  1.6
Armour         | 2 |  2.0
Long Blades    | 2 |  2.1
Fighting       | |  3.8
Shields        | |  0.8
Invocations    | |  2.6

Action                   |  1- 3 |  4- 6 || total
-------------------------+-------+-------++-------
Melee: Falchion          |   129 |       ||   129
 Fire: Hunting sling     |     2 |       ||     2
Invok: Depart the Abyss  |     1 |       ||     1
  Use: Scroll            |     4 |       ||     4
       Potion            |     1 |     4 ||     5
  Eat: Fruit             |     2 |       ||     2
       Bread ration      |     1 |       ||     1
